 Dungeon Crawl Stone Soup version 0.28.0-45-g0d030f2227 (webtiles) character file.

Game seed: 14541831180636256885

5875 Icepheonix32 the Grappler (level 10, 0/54 (66) HPs)
             Began as a Demonspawn Fighter on Apr 16, 2022.
             Was a Believer of Hepliaklqana.
             Slain by an orc warrior
             ... wielding a +0 halberd of electrocution
              (16 damage)
             ... in a bailey.
             The game lasted 00:11:33 (9949 turns).

Icepheonix32 the Grappler (Demonspawn Fighter)      Turns: 9949, Time: 00:11:34

HP:   0/54 (66)     AC: 13    Str: 27    XL:     10   Next: 52%
MP:   0/10          EV: 12    Int: 10    God:    Hepliaklqana [**....]
Gold: 461           SH:  0    Dex: 12    Spells: 9/9 levels left

rFire   . . .      SeeInvis .     - Unarmed
rCold   . . .      Faith    .   (no shield)
rNeg    . . .      Spirit   +   y - +0 acid dragon scales
rPois   +          Reflect  .   (no helmet)
rElec   .          Harm     .   B - +0 cloak
rCorr   +          Rampage  .   (no gloves)
Will    .....                   (no boots)
Stlth   ++........              j - amulet of guardian spirit
HPRegen 0.18/turn               e - +6 ring of strength
MPRegen 0.12/turn               f - ring of poison resistance

@: heavily drained
A: reduced essence, yellow scales 3, spiny 1, demonic touch 1
a: Renounce Religion, Recall Ancestor, Ancestor Identity


You were in a bailey.
You worshipped Hepliaklqana.
Hepliaklqana was pleased with you.
You visited 2 branches of the dungeon, and saw 10 of its levels.
You also visited: Bailey.

You collected 521 gold pieces.
You spent 60 gold pieces at shops.

Inventory:

Hand Weapons
 a - a +0 war axe of venom
 d - a +1 scythe of protection
Missiles
 g - 7 boomerangs (quivered)
 m - 2 throwing nets
 F - a curare-tipped dart
Armour
 b - a +0 scale mail
 c - a +0 buckler
 y - +0 acid dragon scales (worn)
 B - a +0 cloak (worn)
Jewellery
 e - a +6 ring of strength (left hand)
 f - a ring of poison resistance (right hand)
 j - an amulet of guardian spirit (around neck)
 k - a ring of fire
 o - a ring of protection from fire
 t - an amulet of faith
 u - an amulet of magic regeneration
Wands
 l - a wand of iceblast (4)
 v - a wand of digging (5)
 C - a wand of polymorph (4)
Scrolls
 r - 2 scrolls of teleportation
 s - a scroll of enchant weapon
 w - a scroll of enchant armour
 D - a scroll of immolation
Potions
 h - 3 potions of haste {unknown}
 i - a potion of might
 n - a potion of attraction
 p - 4 potions of mutation {unknown}
 q - a potion of magic
 x - a potion of invisibility {unknown}
 z - 2 potions of lignification {unknown}
 A - a potion of brilliance
 E - 3 potions of heal wounds


   Skills:
 + Level 5.3 Fighting
 - Level 2.6 Axes
 + Level 6.7 Armour
 + Level 3.5 Dodging
 + Level 4.0 Stealth
 + Level 3.4 Shields
 * Level 10.9 Unarmed Combat


You had 9 spell levels left.
You didn't know any spells.
Your spell library contained the following spells:

 Spells                   Type           Power      Damage    Failure   Level
 Foxfire                  Conj/Fire      0%         2x1d4     41%         1
 Sting                    Tmut/Pois      0%         1d3       41%         1
 Poisonous Vapours        Pois/Air       0%         N/A       56%         2
 Conjure Flame            Conj/Fire      0%         6-21      80%         3
 Inner Flame              Hex/Fire       0%         N/A       80%         3
 Tukima's Dance           Hex            0%         N/A       80%         3
 Anguish                  Hex/Necr       0%         N/A       99%         4
 Flame Wave               Conj/Fire      0%         2d4       99%         4
 Hailstorm                Conj/Ice       0%         3d3       99%         4
 Ice Form                 Ice/Tmut       0%         N/A       99%         4
 Olgreb's Toxic Radiance  Pois           0%         N/A       99%         4
 Simulacrum               Ice/Necr       0%         N/A       100%        6
 Enfeeble                 Hex            0%         N/A       100%        7


Dungeon Overview and Level Annotations

Branches:
Dungeon (9/15)             Temple (1/1) D:4          Bailey (1/1)
   Lair: D:8-11         Orc: D:9-12

Altars:
Ashenzari
Cheibriados
Elyvilon
Fedhas
Hepliaklqana
Nemelex Xobeh
Okawaru
Qazlal
Ru
Sif Muna
Trog
Uskayaw
Vehumet
Wu Jian
Xom
Yredelemnul
The Shining One

Shops:
D:3 !   D:4 *


Innate Abilities, Weirdness & Mutations

Your life essence is reduced to manifest your ancestor. (-10% HP)
You are completely covered in yellow scales. (AC +4, rCorr)
You are partially covered in sharp spines.
Your touch may inflict minor irresistible damage on your foes.


Message History

You punch the gnoll!
You kill the gnoll!
Things that are here:
a +2 halberd of draining; a gnoll corpse No target in view!
No target in view!
You open the door.
A gnoll comes into view.
It is wielding a +2 halberd of draining.
Found four items.
There is an open door here.
An orc warrior comes into view.
It is wielding a +0 halberd of electrocution.
Found a smoky emerald potion and 2 potions of magic.
An orc comes into view. It is wielding a +0 halberd.
Found four items.
The orc warrior shouts!
The gnoll shouts!
The orc shouts!
A gnoll comes into view.
It is wielding a +0 halberd of draining.
The gnoll shouts!
There is an open door here.
The gnoll closely misses you.
The orc warrior hits you with a +0 halberd of electrocution!
You are electrocuted!
You hit the orc warrior but do no damage.
The gnoll is struck by your spines.
The gnoll hits you with a +2 halberd of draining!
You feel drained. The orc warrior closely misses you.
You barely miss the gnoll.
The gnoll is heavily wounded.
The gnoll is struck by your spines. The gnoll closely misses you.
The orc warrior hits you with a +0 halberd of electrocution.
You are electrocuted!
You are too injured to fight recklessly!
Unknown command.
You are too injured to fight recklessly!
Unknown command.
You swap places.
The gnoll hits you from afar with a +2 halberd of draining!
* * * LOW HITPOINT WARNING * * *
You feel drained.
The orc warrior hits you from afar with a +0 halberd of electrocution!!
You die...

##### ##)'.##
+##+##'###@##+##+
#.....## ##Rg!.!#
#.....### #oo.!.#
+..⌠..'.# '!.⌠.!+
#.....#####.!.!.#
##))...## #!.!.!#
##'##'##'###'##'##+
#)###.###.#.# .#
#'# ### ##### ###
###


You could see the friendly Eideard the battlemage, an orc warrior (ally target),
a gnoll and an orc.

Vanquished Creatures
  A two-headed ogre (D:8)
  Pikel (D:6)
  A shadow (D:9)
  Sigmund (D:2)
  3 yaks (D:8)
  A steam dragon (D:7)
  Edmund (D:4)
  3 water moccasins (D:8)
  A sky beast (D:7)
  2 black bears (D:6)
  A necrophage (D:6)
  3 ogres
  A centaur (D:8)
  A phantom (D:5)
  A lemure (D:6)
  A kobold brigand (D:8)
  A gnoll sergeant (D:6)
  A scorpion (D:5)
  3 bullfrogs
  A water moccasin skeleton (D:4)
  8 wights
  A howler monkey (D:5)
  3 jellies
  2 centaur zombies
  4 orc priests
  2 hounds (D:5)
  2 iguanas (D:5)
  Terence (D:2)
  6 orc wizards
  2 hound zombies
  8 adders
  14 gnolls
  A howler monkey skeleton (D:5)
  A white imp (D:6)
  An ufetubus (D:6)
  An adder zombie (D:3)
  3 dart slugs
  24 orcs
  9 ball pythons
  4 bats
  7 endoplasms
  2 giant cockroaches
  9 goblins
  8 hobgoblins
  15 kobolds
  2 quokkas
  10 rats
179 creatures vanquished.

Vanquished Creatures (collateral kills)
  Erolcha (D:9)
  A sky beast (D:7)
  An ogre (D:6)
  A kobold brigand (D:9)
  A wyvern skeleton (D:7)
  2 wights
  An orc priest (D:8)
  An orc wizard (D:7)
  2 gnolls
  4 orcs
  A goblin (D:9)
  2 kobolds (D:8)
18 creatures vanquished.

Vanquished Creatures (others)
  An ancestor (D:8)
1 creature vanquished.

Grand Total: 198 creatures vanquished

Notes
Turn   | Place    | Note
-------+----------+-------------------------------------------
     0 | D:1      | Icepheonix32 the Demonspawn Fighter began the quest for the
                  | Orb.
     0 | D:1      | Reached XP level 1. HP: 18/18 MP: 1/1
   188 | D:1      | Gained mutation: You are partially covered in sharp spines.
                  | [demonic ancestry]
   188 | D:1      | Reached XP level 2. HP: 24/24 MP: 2/2
   897 | D:2      | Gained mutation: Your touch may inflict minor irresistible
                  | damage on your foes. [demonic ancestry]
   897 | D:2      | Reached XP level 3. HP: 29/29 MP: 3/3
   956 | D:2      | Found a faded altar of an unknown god.
  1029 | D:2      | Noticed Sigmund
  1045 | D:2      | HP: 1/29 [Sigmund/+1 scythe of protection (7)]
  1049 | D:2      | Killed Sigmund
  1050 | D:2      | Reached skill level 1 in Dodging
  1050 | D:2      | Reached skill level 2 in Unarmed Combat
  1050 | D:2      | Reached XP level 4. HP: 5/37 MP: 4/4
  1050 | D:2      | Gained mutation: You are partially covered in yellow
                  | scales. (AC +2) [demonic ancestry]
  1050 | D:2      | Reached XP level 5. HP: 6/42 MP: 5/5
  1535 | D:2      | Noticed Terence
  1545 | D:2      | Killed Terence
  1782 | D:2      | Gained mutation: You are mostly covered in yellow scales.
                  | (AC +3) [demonic ancestry]
  1782 | D:2      | Reached XP level 6. HP: 40/48 MP: 2/6
  2235 | D:3      | Found Oruvvoic's Distillery.
  2240 | D:3      | Bought a potion of heal wounds for 50 gold pieces
  2240 | D:3      | Bought a potion of degeneration for 10 gold pieces
  2528 | D:3      | Found a shimmering altar of Xom.
  2673 | D:3      | Found a basalt altar of Yredelemnul.
  3007 | D:4      | Found Pedex's Overcharged Wands.
  3160 | D:4      | Found a radiant altar of Vehumet.
  3444 | D:4      | Noticed Edmund
  3455 | D:4      | Killed Edmund
  3456 | D:4      | Reached skill level 1 in Stealth
  3716 | D:4      | Reached skill level 3 in Unarmed Combat
  3716 | D:4      | Reached XP level 7. HP: 54/55 MP: 7/7
  4013 | D:4      | Found a staircase to the Ecumenical Temple.
  4019 | Temple   | Entered the Ecumenical Temple
  4174 | Temple   | Became a worshipper of Hepliaklqana the Forgotten
  4403 | D:5      | Entered Level 5 of the Dungeon
  4865 | D:5      | Reached skill level 5 in Armour
  5083 | D:5      | Reached skill level 4 in Unarmed Combat
  5114 | D:5      | Reached XP level 8. HP: 56/61 MP: 6/8
  5647 | D:5      | Reached * piety under Hepliaklqana
  5916 | D:6      | Found an ornate altar of the Wu Jian Council.
  5985 | D:6      | Reached skill level 5 in Unarmed Combat
  6503 | D:6      | Reached skill level 6 in Unarmed Combat
  6528 | D:6      | Noticed Pikel
  6546 | D:6      | Killed Pikel
  6547 | D:6      | Reached skill level 5 in Fighting
  6547 | D:6      | Reached skill level 7 in Unarmed Combat
  6547 | D:6      | Gained mutation: You are completely covered in yellow
                  | scales. (AC +4, rCorr) [demonic ancestry]
  6547 | D:6      | Reached XP level 9. HP: 29/61 MP: 5/9
  7567 | D:7      | Reached skill level 8 in Unarmed Combat
  7975 | D:7      | HP: 1/61 [something (20)]
  8367 | D:8      | Reached skill level 9 in Unarmed Combat
  8391 | D:8      | HP: 3/61 [wight/+0 scimitar (3)]
  8392 | D:8      | Reached XP level 10. HP: 4/65 MP: 0/10
  8776 | D:8      | Found a broken altar of Ashenzari.
  8956 | D:8      | Reached ** piety under Hepliaklqana
  8957 | D:8      | Remembered your ancestor Eideard as a battlemage
  9026 | D:8      | Noticed a two-headed ogre
  9031 | D:8      | Killed a two-headed ogre
  9032 | D:8      | Reached skill level 10 in Unarmed Combat
  9500 | D:9      | Noticed Erolcha
  9511 | D:9      | Killed Erolcha
  9683 | D:9      | Found a flagged portal.
  9694 | Bailey   | Entered a bailey
  9949 | Bailey   | Slain by an orc warrior

Illustrated notes

Levels and vault maps discovered:
D:1:      amcnicky_arrival_wind_blow, layout_basic
D:2:      layout_loops_corners, hellmonk_ecumenical_altar_prayer_group,
          uniq_terence, uniq_sigmund
D:3:      layout_rooms, lemuel_crystal_altar, lemuel_zombie_altar_yredelemnul,
          serial_shops, nicolae_diamond_shop
D:4:      minmay_evil_eye, layout_gridville, kennysheep_mini_moat,
          minmay_temple_entry_fiery, nicolae_shop_overcharged_wands, uniq_edmund
D:5:      layout_loops_corners, kennysheep_small_square
D:6:      layout_basic, overflow_temple_1_default, uniq_pikel
D:7:      layout_rooms
D:8:      layout_basic, lemuel_tele_altar, overflow_temple_1_default,
          nicolae_concentric_dashed_squares_wild
D:9:      layout_irregular_city, mainiacjoe_overflow_24_doors, enter_bailey_3,
          uniq_erolcha
Temple:   zaba_magenta_temple
Bailey:   bailey_polearm_nasty_gnolls, bailey

Skill      XL: |  1  2  3  4  5  6  7  8  9 10 |
---------------+-------------------------------+-----
Axes           | 2 |  2.6
Armour         | 3 4 5 6 |  6.7
Dodging        | 1 2 3 |  3.5
Shields        | 3 |  3.4
Unarmed Combat | 2 3 4 7 9 10 | 10.9
Fighting       | 4 5 |  5.3
Stealth        | 1 2 3 4 |  4.0

Action                   |  1- 3 |  4- 6 |  7- 9 | 10-12 || total
-------------------------+-------+-------+-------+-------++-------
Melee: War axe           |    63 |    91 |       |       ||   154
       Unarmed           |       |     7 |   240 |    67 ||   314
       Touch             |       |       |    47 |    13 ||    60
       Punch             |       |       |    10 |     7 ||    17
Invok: Ancestor Life: Ba |       |       |       |     1 ||     1
  Use: Potion            |     2 |       |     1 |     1 ||     4
       Scroll            |       |       |     5 |     5 ||    10
 Stab: Sleeping          |       |       |     3 |     7 ||    10
       Distracted        |       |       |     1 |       ||     1
Armor: Scale mail        |    32 |    41 |    47 |       ||   120
       Acid dragon scale |       |       |    36 |    22 ||    58
Dodge: Dodged            |    28 |    31 |    96 |    38 ||   193
Block: Buckler           |    12 |    16 |     1 |       ||    29
